 Dungeon Crawl Stone Soup version 0.21-a0-642-g5d013b2151 (webtiles) character file.

2541 Kaname the Destroyer (level 9, 0/61 HPs)
             Began as a Demonspawn Wizard on Dec 31, 2017.
             Was an Initiate of Vehumet.
             Killed from afar by an orc wizard (9 damage)
             ... with a magic dart
             ... on level 7 of the Dungeon.
             The game lasted 00:33:46 (9339 turns).

Kaname the Destroyer (Demonspawn Wizard)            Turns: 9339, Time: 00:33:47

Health: 0/61       AC:  4    Str: 10    XL:     9   Next: 30%
Magic:  0/17       EV: 15    Int: 22    God:    Vehumet [......]
Gold:   217        SH:  3    Dex: 10    Spells: 10/19 levels left

rFire    + . .     SeeInvis .   C - +4 flail (crush)
rCold    . . .     Gourm    .   (no shield)
rNeg     . . .     Faith    .   n - +0 robe {Archmagi}
rPois    .         Spirit   +   y - +0 helmet
rElec    +         Reflect  +   (no cloak)
rCorr    .         Harm     .   (no gloves)
MR       .....                  c - +0 pair of boots
Stlth    ++........             a - +3 amulet of reflection
HPRegen  0.20/turn              E - +3 ring of evasion
MPRegen  0.15/turn              F - ring of protection from fire

@: slowed, very slow
A: claws 2, talons 1, clumsy 1, electricity resistance, strong 1, magic shield,
sturdy frame 2
a: Renounce Religion


You were on level 7 of the Dungeon.
You worshipped Vehumet.
Vehumet was noncommittal.
You were not hungry.

You visited 2 branches of the dungeon, and saw 8 of its levels.

You collected 217 gold pieces.

Inventory:

Hand Weapons
 g - a +0 shortbow of flaming
 r - a +0 rapier
 C - a +4 flail of crushing (weapon)
Missiles
 s - 43 arrows
Armour
 c - a +0 pair of boots (worn)
 n - a +0 robe of the Archmagi (worn)
 u - a +2 scale mail of cold resistance
 y - a +0 helmet (worn)
Jewellery
 a - a +3 amulet of reflection (around neck)
 b - an uncursed ring of positive energy
 t - an uncursed ring of positive energy
 E - a +3 ring of evasion (left claw)
 F - a ring of protection from fire (right claw)
Wands
 m - a wand of polymorph (15)
 x - a wand of disintegration (9)
 D - a wand of digging (13)
Scrolls
 e - 2 scrolls of blinking
 f - 2 scrolls of magic mapping
 h - a scroll of enchant weapon {unknown}
 i - 2 scrolls of teleportation
 j - a scroll of immolation {unknown}
 q - 2 scrolls of remove curse
 B - a scroll of fog
Potions
 k - 2 potions of brilliance
 l - a potion of resistance {unknown}
 o - a potion of mutation
 p - a potion of flight {unknown}
 v - a potion of berserk rage {unknown}
 w - 2 potions of degeneration {unknown}
 z - a potion of lignification {unknown}
 A - a potion of haste {unknown}
Comestibles
 d - 12 rations
 H - 2 chunks of flesh


   Skills:
 + Level 1.7 Fighting
 - Level 1.7 Dodging
 - Level 1.7 Stealth
 * Level 5.7 Spellcasting
 - Level 10.1 Conjurations
   Level 1.0 Summonings
 - Level 2.0 Translocations
 - Level 2.1 Fire Magic
 - Level 2.0 Air Magic
 - Level 2.0 Poison Magic


You had 10 spell levels left.
You knew the following spells:

 Your Spells              Type           Power        Failure   Level  Hunger
a - Magic Dart            Conj           ####         1%          1    None
b - Blink                 Tloc           N/A          6%          2    None
c - Mephitic Cloud        Conj/Pois/Air  #####...     4%          3    ##.....
d - Conjure Flame         Conj/Fire      #####...     2%          3    ##.....


Dungeon Overview and Level Annotations

Branches:
Dungeon (7/15)             Temple (1/1) D:6

Altars:
Ashenzari
Fedhas
Kikubaaqudgha
Makhleb
Nemelex Xobeh
Okawaru
Ru
Sif Muna
Uskayaw
Vehumet
Yredelemnul

Annotations:
D:5 1 runed door


Innate Abilities, Weirdness & Mutations

You have very sharp fingernails.
When hurt, damage is shared between your health and your magic reserves.
Your movements are less encumbered by armour. (ER -4)
You have sharp toenails.
You are clumsy. (Dex -2)
You are resistant to electric shocks. (rElec)
Your muscles are strong. (Str +2)


Message History

The orc wizard points at you and mumbles some strange words.
The magic dart hits you!
* * * LOW HITPOINT WARNING * * *
You barely miss the orc wizard.
The orc wizard is severely wounded.
The orc wizard casts a spell at you. The magic dart hits you!
* * * LOW HITPOINT WARNING * * *
The orc wizard closely misses you.
The orc wizard hits you but does no damage.
You feel better. The orc wizard hits you with a dagger.
* * * LOW HITPOINT WARNING * * *
The orc wizard mumbles some strange words.
The orc wizard blinks!
Casting: Magic Dart
Confirm with . or Enter, or press ? or * to list all spells.
Okay, then.
The orc wizard points at you and mumbles some strange words.
The magic dart hits you!
You die...

.....oo....#
##..##.##.#
#.##o#
#...>...##o#
#.##.#####o#
# #.# #.#
#######o#
#<.)@.ยง.#
#########


You could see an orc wizard.

Vanquished Creatures
  Pikel (D:4)
  Sigmund (D:6)
  A human (D:2)
  A hungry ghost (D:7)
  2 orc warriors
  4 slaves (D:4)
  A black bear (D:5)
  2 ogres
  A centaur (D:5)
  2 scorpions (D:5)
  2 killer bees (D:5)
  A howler monkey (D:5)
  A crimson imp (D:5)
  A bullfrog zombie (D:5)
  A jelly (D:6)
  4 orc priests
  A centaur skeleton (D:5)
  A hound (D:4)
  3 orc wizards
  Ijyb (D:3)
  Jessica (D:2)
  An iguana (D:5)
  Natasha (thrice) (D:3)
  9 worker ants (D:5)
  A howler monkey skeleton (D:4)
  11 adders
  2 oozes
  2 adder skeletons
  A worm (D:2)
  3 dart slugs (D:1)
  6 leopard geckos
  19 orcs
  A ball python (D:1)
  7 giant cockroaches
  9 goblins
  12 hobgoblins
  5 jackals
  11 kobolds
  3 quokkas
  8 bats
  8 frilled lizards
  A jackal skeleton (D:3)
  8 rats
  3 butterflies (D:5)
167 creatures vanquished.

Vanquished Creatures (collateral kills)
  A worker ant (D:5)
1 creature vanquished.

Vanquished Creatures (others)
  Robin (D:4)
  3 goblins (D:4)
  A hobgoblin (D:4)
5 creatures vanquished.

Grand Total: 173 creatures vanquished

Notes
Turn   | Place    | Note
-------+----------+-------------------------------------------
     0 | D:1      | Kaname the Demonspawn Wizard began the quest for the Orb.
     0 | D:1      | Reached XP level 1. HP: 13/13 MP: 4/4
   255 | D:1      | Reached skill level 2 in Conjurations
   255 | D:1      | Gained mutation: Your movements are slightly less encumbered by armour. (ER -2) [demonic ancestry]
   255 | D:1      | Reached XP level 2. HP: 13/19 MP: 0/6
   259 | D:1      | Learned a level 2 spell: Blink
   731 | D:1      | Reached skill level 3 in Conjurations
   766 | D:1      | Reached skill level 1 in Translocations
   766 | D:1      | Gained mutation: You have sharp fingernails. [demonic ancestry]
   766 | D:1      | Reached XP level 3. HP: 24/24 MP: 5/7
   773 | D:1      | Learned a level 3 spell: Mephitic Cloud
  1065 | D:1      | Reached skill level 1 in Poison Magic
  1185 | D:2      | Found a faded altar of an unknown god.
  1363 | D:2      | Reached skill level 1 in Air Magic
  1494 | D:2      | Noticed Jessica
  1546 | D:1      | Gained mutation: You have very sharp fingernails. [demonic ancestry]
  1546 | D:1      | Reached XP level 4. HP: 25/30 MP: 4/8
  1551 | D:1      | Learned a level 3 spell: Conjure Flame
  1675 | D:2      | Killed Jessica
  1696 | D:2      | Reached skill level 4 in Conjurations
  1884 | D:2      | Found a runed door.
  1885 | D:2      | Noticed a human
  1887 | D:2      | Found a basalt altar of Yredelemnul.
  1950 | D:2      | Killed a human
  1950 | D:2      | Reached skill level 5 in Conjurations
  1950 | D:2      | Gained mutation: Your movements are less encumbered by armour. (ER -4) [demonic ancestry]
  1950 | D:2      | Reached XP level 5. HP: 31/35 MP: 0/9
  1950 | D:2      | Gained mutation: When hurt, damage is shared between your health and your magic reserves. [demonic ancestry]
  1950 | D:2      | Reached XP level 6. HP: 37/41 MP: 0/10
  2429 | D:3      | Reached skill level 6 in Conjurations
  2586 | D:3      | Noticed Ijyb
  2606 | D:3      | Killed Ijyb
  3164 | D:3      | Noticed Natasha
  3168 | D:3      | Killed Natasha
  4086 | D:3      | Noticed Natasha
  4091 | D:3      | Killed Natasha
  4096 | D:3      | Noticed Natasha
  4103 | D:3      | Gained mutation: You are resistant to electric shocks. (rElec) [potion of mutation]
  4103 | D:3      | Gained mutation: You are clumsy. (Dex -2) [potion of mutation]
  4103 | D:3      | Gained mutation: You have sharp toenails. [potion of mutation]
  4103 | D:3      | Gained mutation: Your muscles are strong. (Str +2) [potion of mutation]
  4108 | D:3      | Killed Natasha
  4761 | D:4      | Reached skill level 1 in Fire Magic
  4905 | D:4      | Found a sparkling altar of Nemelex Xobeh.
  4916 | D:4      | Reached XP level 7. HP: 37/46 MP: 11/13
  5022 | D:4      | Noticed Pikel
  5041 | D:4      | Killed Pikel
  5041 | D:4      | Reached skill level 8 in Conjurations
  5059 | D:4      | Killed Robin
  5675 | D:4      | Reached XP level 8. HP: 52/52 MP: 8/14
  5793 | D:5      | Entered Level 5 of the Dungeon
  5800 | D:5      | Reached skill level 5 in Spellcasting
  6107 | D:5      | HP: 2/52 [centaur (5)]
  7083 | D:5      | Found a runed door.
  7109 | D:5      | Found a runed door.
  7121 | D:5      | Reached skill level 9 in Conjurations
  7497 | D:6      | Reached XP level 9. HP: 42/57 MP: 7/16
  7820 | D:6      | Found a staircase to the Ecumenical Temple.
  7832 | Temple   | Entered the Ecumenical Temple
  7861 | Temple   | Became a worshipper of Vehumet
  7957 | D:6      | Noticed Sigmund
  8027 | D:6      | Killed Sigmund
  8027 | D:6      | Reached skill level 10 in Conjurations
  8667 | D:6      | Found a staircase to the Ecumenical Temple.
  9250 | D:7      | Reached skill level 1 in Fighting
  9339 | D:7      | Killed from afar by an orc wizard

Vault maps used:
D:1:      dpeg_arrival_pond, minmay_tetromino_t2
D:2:      chequers_ecumenical_altar_simple_redux, first_ration,
          dk_yredelemnul_ordeal, uniq_jessica
D:3:      uniq_ijyb, uniq_natasha
D:4:      nemelex_dance_club_becter, uniq_pikel, uniq_robin
D:5:      lemuel_insect_pit, grunt_ministairs_5, st_stairs_11
D:6:      minmay_temple_entry_grid, uniq_sigmund
D:7:      serial_shops, shop
Temple:   nicolae_temple_the_god_donut

Skill      XL: |  1  2  3  4  5  6  7  8  9 |
---------------+----------------------------+-----
Conjurations   | 2 3 5 6 8 9 10 | 10.1
Translocations | 1 2 |  2.0
Poison Magic   | 1 2 |  2.0
Air Magic      | 1 2 |  2.0
Spellcasting   | 4 5 |  5.7
Fire Magic     | 1 2 |  2.1
Fighting       | 1 |  1.7
Dodging        | |  1.7
Stealth        | |  1.7
Summonings     | |  1.0

Action                   |  1- 3 |  4- 6 |  7- 9 || total
-------------------------+-------+-------+-------++-------
Melee: Dagger            |    93 |    34 |       ||   127
       Rapier            |       |    55 |     8 ||    63
       Whip              |       |       |   122 ||   122
       Flail             |       |       |    21 ||    21
 Fire: Shortbow          |       |       |     9 ||     9
 Cast: Magic Dart        |    96 |   124 |   217 ||   437
       Mephitic Cloud    |       |     2 |     5 ||     7
       Blink             |       |     1 |     1 ||     2
       Conjure Flame     |       |       |     6 ||     6
Evoke: Wand              |       |       |     7 ||     7
  Use: Potion            |       |     2 |     3 ||     5
       Scroll            |       |     1 |     5 ||     6
 Stab: Sleeping          |     1 |     1 |       ||     2
       Confused          |       |     4 |     3 ||     7
  Eat: Chunk             |     2 |     7 |    11 ||    20
       Ration            |       |     1 |     1 ||     2
Armor: Robe              |    29 |    17 |    42 ||    88
Dodge: Dodged            |    84 |    56 |   116 ||   256
Block: Other             |       |     7 |    23 ||    30

Table legend:
 A = Spawn XP
 B = Non-spawn XP
 C = Spawn XP percentage of total XP
 D = Spawn monster count
 E = Non-spawn monster count
 F = Spawn count percentage of total count
 G = Total turns spent on level
                    A         B        C        D         E        F      G
               +---------+---------+-------+---------+---------+-------+---------
         Total |       0 |    3630 |   0.0 |       0 |     161 |   0.0 |  9339
               +---------+---------+-------+---------+---------+-------+---------
           D:1 |       0 |      70 |   0.0 |       0 |      35 |   0.0 |  1384
           D:2 |       0 |     316 |   0.0 |       0 |      20 |   0.0 |   777
           D:3 |       0 |     275 |   0.0 |       0 |      36 |   0.0 |  2581
           D:4 |       0 |     877 |   0.0 |       0 |      20 |   0.0 |  1162
           D:5 |       0 |    1196 |   0.0 |       0 |      35 |   0.0 |  1755
           D:6 |       0 |     532 |   0.0 |       0 |      11 |   0.0 |  1511
           D:7 |       0 |     364 |   0.0 |       0 |       4 |   0.0 |   125
               +---------+---------+-------+---------+---------+-------+---------
